 Dungeon Crawl Stone Soup version 0.16.1-11-g651b585 (webtiles) character file.

5801 Shoikan the Basher (level 10, -2/92 HPs)
             Began as a Minotaur Berserker on Apr 2, 2015.
             Was a High Priest of Trog.
             Slain by a spiny frog (14 damage)
             ... on level 9 of the Dungeon.
             The game lasted 00:59:37 (8487 turns).

Shoikan the Basher (Minotaur Berserker)             Turns: 8487, Time: 00:59:37

Health: -2/92      AC: 19    Str: 25    XL:     10   Next: 50%
Magic:  4/4        EV:  9    Int: 12    God:    Trog [*****.]
Gold:   644        SH:  0    Dex: 12    Spells: 0 memorised, 9 levels left

rFire  + . .     SeeInvis .     e - +0 mace (venom)
rCold  + + .     Clarity  .     f - +3 chain mail {rC+}
rNeg   . . .     SustAb   .     (no shield)
rPois  +         Gourm    .     (helmet restricted)
rElec  +         Spirit   .     I - +0 cloak
rCorr  +         Warding  .     (no gloves)
rMut   .         Stasis   .     P - +2 pair of boots
MR     .....                    (no amulet)
Stlth  ..........               O - +6 ring of intelligence
                                d - +4 ring of strength

@: resistant, not resistant to hostile enchantments, extremely unstealthy
A: retaliatory headbutt, horns 2
a: Burn Spellbooks, Berserk, Trog's Hand, Brothers in Arms, Renounce Religion


You were on level 9 of the Dungeon.
You worshipped Trog.
Trog was extremely pleased with you.
You were hungry.

You visited 2 branches of the dungeon, and saw 11 of its levels.

You collected 644 gold pieces.

Inventory:

Hand weapons
 e - a +0 mace of venom (weapon)
 H - a +3 quarterstaff of chaos
 J - a cursed -2 dagger
 L - a +2 scythe of protection
 M - a +5 triple sword of electrocution
Armour
 f - a +3 chain mail of cold resistance (worn)
 I - a +0 cloak (worn)
 N - a cursed +0 robe
 P - a +2 pair of boots (worn)
 T - a +0 plate armour
Jewellery
 d - a +4 ring of strength (left hand)
 t - an uncursed ring of stealth
 O - a +6 ring of intelligence (right hand)
Magical devices
 F - a wand of teleportation (1)
Scrolls
 a - 2 scrolls of remove curse
 i - a scroll of immolation {unknown}
 k - 2 scrolls of magic mapping {unknown}
 l - a scroll of brand weapon {unknown}
 o - 2 scrolls of fog {unknown}
 p - 3 scrolls of enchant armour
 q - 2 scrolls of blinking {unknown}
 s - 2 scrolls of teleportation {unknown}
 v - 2 scrolls of enchant weapon {unknown}
 y - a scroll of fear {unknown}
 z - 2 scrolls of recharging {unknown}
 A - 2 scrolls of amnesia {unknown}
 D - a scroll of random uselessness {unknown}
Potions
 b - 3 potions of flight
 h - 4 potions of curing
 j - a potion of cancellation
 n - a potion of mutation {unknown}
 r - 2 potions of resistance
 u - 2 potions of might {unknown}
 w - a potion of brilliance {unknown}
 x - 3 potions of haste {unknown}
 C - 2 potions of agility {unknown}
 G - a potion of heal wounds {unknown}
 K - a potion of invisibility {unknown}
 Q - a potion of restore abilities {unknown}
 R - a potion of poison {unknown}
Comestibles
 c - 7 bread rations
 g - 10 meat rations
 m - 5 beef jerkies
 B - 4 fruits
 E - a slice of pizza


   Skills:
 + Level 9.7 Fighting
 - Level 14.0 Maces & Flails
 + Level 9.1 Armour
 - Level 2.1 Dodging


You had 9 spell levels left.
You didn't know any spells.

Dungeon Overview and Level Annotations

Branches:
Dungeon (10/15)            Temple (1/1) D:5            Lair (0/8) D:9
    Orc: D:9-12

Altars:
Ashenzari
Cheibriados
Dithmenos
Elyvilon
Fedhas
Gozag
Kikubaaqudgha
Makhleb
Nemelex Xobeh
Okawaru
Qazlal
Ru
Sif Muna
Trog
Vehumet
Xom
Yredelemnul
Zin
The Shining One
Lugonu

Shops:
D:8 (


Innate Abilities, Weirdness & Mutations

You reflexively headbutt those who attack you in melee.
You have a pair of horns on your head.


Message History

You kill the spiny frog!
Trog accepts your kill.
Your Armour skill increases to level 9!
It was a potion of resistance.
You feel protected.
An orc, an orc warrior and a troll come into view.
The orc shouts!
The orc warrior shouts!
The troll shouts!
The orc warrior moves out of view.
You climb upwards.
The spiny frog stings you.
* * * LOW HITPOINT WARNING * * *
The spiny frog closely misses you. You furiously retaliate!
You headbutt the spiny frog.
There is a stone staircase leading down here.
A quokka comes into view.
The spiny frog stings you but does no damage.
The spiny frog barely misses you. You furiously retaliate!
You headbutt the spiny frog, but do no damage.
Found a greatsling.
The spiny frog stings you!
You die...

........Z..r...Z.....
##.###.#r###.#.#####
# #T# #.# #.# #T# #
#r# #.# #.#.###r#
#.###.#r.##<#...
#......F..)....#
#......@...........
#..............####
#................
#.......>.......##
#..............##
..............#
........... ...).....
###


You could see a spiny frog, a troll, a porcupine, a quokka, a rat and a giant
frog skeleton.

Vanquished Creatures
  A centaur zombie (D:8)
  A centaur skeleton (D:6)
  A spiny frog (D:10)
  The ghost of Yayczeliz the Conjurer, an average DrWz (D:4)
  A wyvern (D:8)
  A hungry ghost (D:8)
  2 hippogriffs (D:8)
  A necrophage (D:8)
  A sky beast (D:7)
  4 ice beasts
  A black bear (D:6)
  3 centaurs
  2 orc warriors
  2 phantoms
  A crocodile (D:7)
  6 ogres
  Sigmund (D:3)
  A big kobold (D:8)
  Blork the orc (D:7)
  4 giant frogs
  A water moccasin zombie (D:8)
  A wyvern skeleton (D:8)
  4 scorpions
  A water moccasin skeleton (D:6)
  6 killer bees (D:7)
  2 crimson imps (D:5)
  A giant frog zombie (D:6)
  3 goliath beetles (D:7)
  3 jellies
  4 hounds
  A giant frog skeleton (D:6)
  Crazy Yiuf (D:6)
  2 iguanas (D:7)
  2 orc priests (D:3)
  4 worker ants
  3 orc wizards
  2 killer bee zombies
  Ijyb (D:3)
  16 gnolls
  13 adders
  A shadow imp (D:5)
  A giant mite (D:6)
  2 worms (D:3)
  An adder zombie (D:6)
  An adder skeleton (D:8)
  A giant gecko (D:1)
  15 orcs
  9 bats
  A bat skeleton (D:4)
  23 goblins
  13 hobgoblins
  10 jackals
  21 kobolds
  4 quokkas
  2 ball pythons
  3 giant cockroaches
  4 giant newts
  22 rats
  6 ballistomycetes (D:7)
247 creatures vanquished.

Vanquished Creatures (others)
  A quokka (D:8)
  A giant spore (D:7)
2 creatures vanquished.

Grand Total: 249 creatures vanquished

Notes
Turn   | Place    | Note
--------------------------------------------------------------
     0 | D:1      | Shoikan, the Minotaur Berserker, began the quest for the Orb.
     0 | D:1      | Reached XP level 1. HP: 19/19 MP: 1/1
    23 | D:1      | Reached skill level 4 in Maces & Flails
   246 | D:1      | Reached XP level 2. HP: 26/26 MP: 1/1
   338 | D:1      | Acquired Trog's second power
   382 | D:1      | Reached skill level 5 in Maces & Flails
   404 | D:1      | Reached XP level 3. HP: 31/31 MP: 2/2
  1313 | D:2      | Reached skill level 6 in Maces & Flails
  1313 | D:2      | Reached XP level 4. HP: 39/39 MP: 2/2
  1330 | D:2      | Found an opulent altar of Gozag.
  1706 | D:3      | Noticed Sigmund
  1767 | D:3      | Reached XP level 5. HP: 40/45 MP: 2/2
  1775 | D:3      | Killed Sigmund
  1775 | D:3      | Reached skill level 7 in Maces & Flails
  1837 | D:3      | Reached skill level 8 in Maces & Flails
  1972 | D:3      | Found a glowing golden altar of the Shining One.
  1996 | D:3      | Noticed an ogre
  2006 | D:3      | Killed an ogre
  2006 | D:3      | Reached XP level 6. HP: 43/51 MP: 3/3
  2031 | D:3      | Found a bloodstained altar of Trog.
  2047 | D:3      | Acquired Trog's third power
  2085 | D:3      | HP: 2/51 [poisoned by a kobold]
  2092 | D:3      | HP: 2/51 [poisoned by a kobold]
  2100 | D:3      | HP: 1/51 [poisoned by a kobold]
  2456 | D:3      | Reached skill level 9 in Maces & Flails
  2722 | D:3      | Noticed Ijyb
  2729 | D:3      | Killed Ijyb
  2738 | D:3      | Found a snail-covered altar of Cheibriados.
  3159 | D:4      | Noticed Yayczeliz's ghost (average DrWz)
  3177 | D:4      | Killed Yayczeliz's ghost
  3177 | D:4      | Reached skill level 10 in Maces & Flails
  3177 | D:4      | Reached XP level 7. HP: 53/57 MP: 3/3
  3269 | D:4      | Got a heavily jewelled robe
  3496 | D:4      | Reached skill level 11 in Maces & Flails
  3689 | D:4      | Identified the cursed -5 robe of Isewne {rElec rC+ MP+9 Str+4} (You found it on level 4 of the Dungeon)
  3746 | D:5      | Entered Level 5 of the Dungeon
  3828 | D:5      | Reached XP level 8. HP: 62/64 MP: 3/3
  4236 | D:5      | Reached skill level 12 in Maces & Flails
  4422 | D:5      | Found a staircase to the Ecumenical Temple.
  4429 | Temple   | Entered the Ecumenical Temple
  4572 | D:5      | Found a basalt altar of Yredelemnul.
  5017 | D:6      | Noticed a centaur skeleton
  5062 | D:6      | Killed a centaur skeleton
  5072 | D:6      | Reached skill level 5 in Fighting
  5072 | D:6      | Reached skill level 13 in Maces & Flails
  5389 | D:6      | Reached XP level 9. HP: 74/74 MP: 4/4
  5611 | D:6      | Found an iron altar of Okawaru.
  5727 | D:6      | Noticed Crazy Yiuf
  5734 | D:6      | Killed Crazy Yiuf
  5779 | D:6      | Reached skill level 5 in Armour
  5799 | D:6      | Found a sacrificial altar of Ru.
  6593 | D:7      | Received a gift from Trog
  6646 | D:7      | Reached skill level 14 in Maces & Flails
  6649 | D:7      | Noticed Blork the orc
  6662 | D:7      | Killed Blork the orc
  7429 | D:7      | Found a radiant altar of Vehumet.
  7429 | D:7      | Found an ancient bone altar of Kikubaaqudgha.
  7478 | D:7      | Reached XP level 10. HP: 88/88 MP: 4/4
  7764 | D:8      | Found a white marble altar of Elyvilon.
  8129 | D:8      | Found a burning altar of Makhleb.
  8129 | D:8      | Noticed an Executioner
  8131 | D:8      | Found a glowing silver altar of Zin.
  8132 | D:8      | Noticed an angel
  8143 | D:8      | Found Ehis' Antique Weapon Shoppe.
  8446 | D:9      | Found a staircase to the Lair.
  8469 | D:10     | Entered Level 10 of the Dungeon
  8487 | D:9      | Slain by a spiny frog

Action                   |  1- 3 |  4- 6 |  7- 9 | 10-12 || total
-------------------------+-------+-------+-------+-------++-------
Melee: Mace              |   101 |   110 |   395 |   135 ||   741
Invok: Trog's Hand       |       |     2 |     1 |       ||     3
       Berserk           |       |     1 |       |       ||     1
  Use: Scroll            |       |       |     5 |     1 ||     6
       Potion            |       |       |       |     1 ||     1
  Eat: Chunk             |     1 |     7 |    14 |     3 ||    25
